 Dungeon Crawl Stone Soup version 0.28.0-47-ge53b351184 (webtiles) character file.

Game seed: 16564710945935060501

22 Bruhh the Chiller (level 2, 0/20 HPs)
             Began as a Gnoll Ice Elementalist on Apr 29, 2022.
             Slain by a kobold
             ... wielding a +0 whip
              (5 damage)
             ... on level 1 of the Dungeon.
             The game lasted 00:01:11 (1035 turns).

Bruhh the Chiller (Gnoll Ice Elementalist)          Turns: 1035, Time: 00:01:13

Health: 0/20       AC:  2    Str:  7    XL:     2   Next: 91%
Magic:  2/7        EV: 13    Int: 14    God:
Gold:   61         SH:  0    Dex: 12    Spells: 9/10 levels left

rFire   . . .      SeeInvis .   (no weapon)
rCold   . . .      Faith    .   (no shield)
rNeg    . . .      Spirit   .   a - +0 robe
rPois   .          Reflect  .   (no helmet)
rElec   .          Harm     .   (no cloak)
rCorr   .          Rampage  .   (no gloves)
Will    .....                   (no boots)
Stlth   ++........              (no amulet)
HPRegen 0.06/turn               (no ring)
MPRegen 0.10/turn               (no ring)

@: no status effects
A: fangs 1, strong nose, distributed training
a: no special abilities


You were on level 1 of the Dungeon.
You visited 1 branch of the dungeon, and saw 2 of its levels.

You collected 61 gold pieces.

Inventory:

Armour
 a - a +0 robe (worn)
Jewellery
 b - a ring of ice
Scrolls
 c - a scroll of fog {unknown}


   Skills:
 + Level 0.5 Fighting
 + Level 0.5 Short Blades
 + Level 0.5 Long Blades
 + Level 0.5 Axes
 + Level 0.5 Maces & Flails
 + Level 0.5 Polearms
 + Level 0.5 Staves
 + Level 0.5 Slings
 + Level 0.5 Bows
 + Level 0.5 Crossbows
 + Level 0.5 Throwing
 + Level 0.5 Armour
 + Level 4.5 Dodging
 + Level 4.1 Stealth
 + Level 0.5 Shields
 + Level 0.5 Unarmed Combat
 + Level 4.9 Spellcasting
 + Level 0.4 Conjurations
 + Level 0.4 Hexes
 + Level 0.4 Summonings
 + Level 0.4 Necromancy
 + Level 0.4 Translocations
 + Level 0.4 Transmutations
 + Level 0.4 Fire Magic
 + Level 7.0 Ice Magic
 + Level 0.4 Air Magic
 + Level 0.4 Earth Magic
 + Level 0.4 Poison Magic
 + Level 0.7 Invocations
 + Level 0.5 Evocations


You had 9 spell levels left.
You knew the following spells:

 Your Spells              Type           Power      Damage    Failure   Level
a - Freeze                Ice            92%        1d10      1%          1

Your spell library contained the following spells:

 Spells                   Type           Power      Damage    Failure   Level
 Frozen Ramparts          Ice            46%        1d6       2%          3
 Ozocubu's Armour         Ice            23%        N/A       2%          3
 Sandblast                Erth           8%         2d5       16%         1
 Passwall                 Tmut/Erth      3%         N/A       22%         2
 Hailstorm                Conj/Ice       13%        3d5       36%         4
 Stone Arrow              Conj/Erth      8%         3d7       41%         3


Dungeon Overview and Level Annotations

Branches:
Dungeon (2/15)

Altars:

Shops:
D:1 (

Annotations:
D:2 Sigmund


Innate Abilities, Weirdness & Mutations

You have very sharp teeth.
Your uncanny sense of smell can sniff out nearby items.
Your experience applies equally to all skills.


Message History

An adder comes into view.
Sigmund shouts!
The adder hisses angrily.
Sigmund mumbles some strange words.
Sigmund flickers and vanishes!
Deactivating autopickup; reactivate with Ctrl-A.
Items here: ( )) ††.
You can't see any susceptible monsters within range! (Use Z to cast anyway.)
You can't see any susceptible monsters within range! (Use Z to cast anyway.)
You can't see any susceptible monsters within range! (Use Z to cast anyway.)
Found a scroll labelled VALEIKHOUCK.
You freeze the ball python!
You kill the ball python!
The kobold shouts!
A puff of flame appears from out of thin air!
The puff of flame hits you.
There is a stone staircase leading up here.
The adder misses you. The kobold closely misses you.
The adder barely misses you.
You climb upwards.
Reactivating autopickup.
There is a stone staircase leading down here.
Casting: Freeze (safe; 1% risk of failure)
Confirm with . or Enter, or press ? or * to list all spells.
Aiming: Freeze (safe; 1% risk of failure)
Press: ? - help, Shift-Dir - straight line, f - adder
Aim: an adder You freeze the adder!
The adder is severely wounded.
The adder seems to slow down.
The kobold hits you with a +0 whip. The adder bites you.
* * * LOW HITPOINT WARNING * * *
Casting: Freeze (safe; 1% risk of failure)
Confirm with . or Enter, or press ? or * to list all spells.
Aiming: Freeze (safe; 1% risk of failure)
Press: ? - help, Shift-Dir - straight line, f/p - adder
Aim: an adder (severely wounded, slow)
You freeze the adder.
You kill the adder!
The kobold hits you with a +0 whip.
You die...

#.##..§.§..♣♣.♣♣.#.# ######
#.##.##§#♣♣...♣..♣°# .....####
###....##§§§♣♣♣..♣♣§§# #.......#
#.......#°§♣..8.8♣♣♣.#
#.##.##.####.#.###.#§..♣8...8..♣#
#.##.##.##...........♣♣8..⌠..8♣♣♣
#.##..........#.##.#♣.8.......8..
#.#####.##.#..#K##.#♣...⌠.<.⌠..♣♣
#.#####.##......@..#.♣8.......8.♣
........##.##.#..###♣♣.8..⌠..8.♣.
......####.##.#..####.♣♣8...8♣♣.#
....>.####....#......☼♣..8.8..♣♣#
.......................♣♣♣♣§♣♣.∩#
......####..####.......♣..♣♣§♣°.#
......# #.......#####..♣♣.♣.§#.#
......# #.##.##.# #...####§#..
#.########.##.##.# #...###.§§##


You could see a kobold.

Vanquished Creatures
  An adder (D:1)
  An endoplasm (D:1)
  2 giant cockroaches (D:1)
  3 goblins
  2 hobgoblins (D:1)
  3 quokkas (D:1)
  2 ball pythons
  A bat (D:1)
  2 frilled lizards (D:1)
  A kobold (D:2)
  4 rats (D:1)
22 creatures vanquished.

Notes
Turn   | Place    | Note
-------+----------+-------------------------------------------
     0 | D:1      | Bruhh the Gnoll Ice Elementalist began the quest for the
                  | Orb.
     0 | D:1      | Reached XP level 1. HP: 13/13 MP: 6/6
   158 | D:1      | Reached XP level 2. HP: 19/19 MP: 5/7
   697 | D:1      | Found Vonodom's Antique Weapon Boutique.
   989 | D:2      | Noticed Sigmund
  1035 | D:1      | Slain by a kobold

Illustrated notes

Levels and vault maps discovered:
D:1:      heliophobic_arrival_enchanted_forest, layout_loops_cross,
          serial_shops, shop, minmay_bisected
D:2:      layout_loops_cross, minmay_tree_intersection,
          nicolae_figureground_pulse, uniq_sigmund, uniq_jessica

Action                   || total
-------------------------++-------
Melee: Unarmed           ||     5
 Cast: Freeze            ||    27
 Stab: Sleeping          ||     1
Armor: Robe              ||     4
Dodge: Dodged            ||    14
